 Dungeon Crawl Stone Soup version 0.30.0-13-g156ef70053 (webtiles) character file.

Game seed: 4838018095311202250

29591 ragingrage the Severer (level 13, -1/121 HPs)
             Began as a Naga Reaver on May 17, 2023.
             Was a Follower of Uskayaw.
             Slain by a seven-headed hydra (11 damage)
             ... on level 3 of the Lair of Beasts.
             The game lasted 00:28:15 (21225 turns).

ragingrage the Severer (Naga Reaver)               Turns: 21225, Time: 00:28:16

Health: -1/121     AC: 19    Str: 24    XL:     13   Next: 46%
Magic:  16/16      EV:  7    Int: 15    God:    Uskayaw [*.....]
Gold:   287        SH:  0    Dex: 10    Spells: 13/16 levels left

rFire   + . .        F - +4 scimitar (flame)
rCold   + . .        (no shield)
rNeg    + . .        P - +3 troll leather armour {Snorg}
rPois   +            n - +0 helmet
rElec   .            x - +1 cloak
rCorr   +            (no gloves)
SInv    +            i - +0 barding {rF+}
Will    +....        V - amulet of regeneration
Stlth   +++          g - ring of ice
HPRegen 2.00/turn    S - ring of Quluprarau {rF+ rN+ rCorr Str+6 SInv}
MPRegen 0.15/turn

%: clarity
@: very slow
A: AC +4, large, see invisible, deformed body, poison resistance, slowness 2,
spit poison 1, naga tail 2, clarity
a: Spit Poison, Renounce Religion, Stomp


You were on level 3 of the Lair of Beasts.
You worshipped Uskayaw.
Uskayaw was noncommittal.
You visited 2 branches of the dungeon, and saw 16 of its levels.

You collected 760 gold pieces.
You spent 473 gold pieces at shops.

Inventory:

Hand Weapons
 a - a +1 hand axe of venom
 b - a +2 heavy hand axe
 o - a +0 war axe
 F - a +4 scimitar of flaming (weapon)
Missiles
 d - 20 poisoned darts
 j - 8 curare-tipped darts
 p - a boomerang (quivered)
 q - 6 javelins
Armour
 i - a +0 barding of fire resistance (worn)
 n - a +0 helmet (worn)
 w - a +1 leather armour of cold resistance
 x - a +1 cloak (worn)
 H - a +2 robe of fire resistance
 P - a +3 troll leather armour (worn) {Snorg}
Jewellery
 g - a ring of ice (left hand)
 Q - a ring of protection from fire
 S - the ring of Quluprarau (right hand) {rF+ rN+ rCorr Str+6 SInv}
   (You found it on level 3 of the Lair of Beasts)

   [ring of strength]

   Str:       It affects your strength (+6).
   rF:        It protects you from fire.
   rN:        It protects you from negative energy.
   SInv:      It lets you see invisible.
   rCorr:     It protects you from acid and corrosion.
 V - an amulet of regeneration (around neck)
Wands
 c - a wand of roots (4)
 e - a wand of flame (25)
 N - a wand of charming (13)
 O - a wand of polymorph (7)
Scrolls
 h - 3 scrolls of immolation
 k - a scroll of fear
 l - a scroll of torment
 m - a scroll of brand weapon
 t - 4 scrolls of magic mapping
 u - a scroll of butterflies {unknown}
 y - a scroll of enchant weapon
 C - a scroll of fog
 E - 2 scrolls of vulnerability
 J - 5 scrolls of teleportation
 K - 2 scrolls of amnesia
 M - 2 scrolls of enchant armour {unknown}
Potions
 f - 8 potions of attraction
 s - 2 potions of flight
 v - a potion of ambrosia
 z - 3 potions of haste
 A - 4 potions of might
 B - 2 potions of cancellation
 D - 2 potions of brilliance
 G - 2 potions of mutation
 I - 3 potions of invisibility
 R - a potion of heal wounds
 T - a potion of magic
 U - a potion of curing
 X - a potion of resistance
Miscellaneous
 L - a piece from Xom's chessboard (15/15)
 W - a phial of floods


   Skills:
 - Level 9.0 Fighting
 - Level 16.0 Axes
 - Level 6.0 Throwing
 + Level 7.1 Armour
 - Level 1.5 Dodging
 - Level 7.0 Stealth
 - Level 2.0 Spellcasting
 - Level 3.2 Conjurations
 - Level 0.9 Necromancy
 - Level 5.0 Transmutations
 - Level 5.0 Invocations


You had 13 spell levels left.
You knew the following spells:

 Your Spells              Type           Power      Damage    Failure   Level
a - Wereblood             Tmut           16%        N/A       4%          2
b - Kiss of Death         Conj/Necr      28%        2d7       11%         1

Your spell library contained the following spells:

 Spells                   Type           Power      Damage    Failure   Level
 Beastly Appendage        Tmut           32%        N/A       3%          1
 Momentum Strike          Conj/Tloc      12%        3d8       19%         2
 Summon Small Mammal      Summ           4%         N/A       24%         1
 Sublimation of Blood     Necr           4%         N/A       26%         2
 Spider Form              Tmut/Pois      9%         N/A       26%         3
 Lesser Beckoning         Tloc           2%         N/A       36%         2
 Hailstorm                Conj/Ice       9%         3d4       36%         3
 Call Canine Familiar     Summ           1%         N/A       58%         3
 Confusing Touch          Hex            1%         N/A       58%         3
 Gell's Gravitas          Tloc           1%         N/A       58%         3
 Ozocubu's Armour         Ice            2%         N/A       58%         3
 Summon Guardian Golem    Hex/Summ       1%         N/A       58%         3
 Teleport Other           Tloc           1%         N/A       58%         3
 Petrify                  Tmut/Erth      9%         N/A       65%         4
 Irradiate                Conj/Tmut      6%         3d13      77%         5
 Dispel Undead            Necr           4%         3d7       86%         4
 Summon Forest            Summ/Tloc      0%         N/A       100%        5
 Eringya's Noxious Bog    Tmut/Pois      4%         N/A       100%        6
 Ozocubu's Refrigeration  Ice            1%         4d7       100%        7
 Summon Hydra             Summ           0%         N/A       100%        7


Dungeon Overview and Level Annotations

Branches:
Dungeon (11/15)            Temple (0/1) D:6            Lair (5/5) D:11
  Swamp (0/4) Lair:2       Spider (0/4) Lair:3
  Slime: Lair:4-5       Orc: D:9-12

Altars:
Kikubaaqudgha
Makhleb
Nemelex Xobeh
Qazlal
Ru
Trog
Uskayaw
Xom
The Shining One
Lugonu

Shops:
D:4 :   D:9 :   D:11 !

Portals:
Abyss: D:9

Annotations:
D:4 1 runed translucent door, Crazy Yiuf
D:5 1 runed translucent door, Kazon's ghost, novice OpBr
D:7 1 runed translucent door, exclusion: downstairs, browni3141's ghost, novice MiFi
D:8 4 exclusions
Lair:1 exclusion: downstairs
Lair:3 2 transporters, Deed's ghost, journeyman MiFi


Innate Abilities, Weirdness & Mutations

Your serpentine skin is tough. (AC +4)
You have supernaturally acute eyesight. (SInv)
Armour fits poorly on your strangely shaped body.
Your system is resistant to poisons. (rPois)
You cover ground very slowly.
You can spit poison.
You can use your snake-like lower body to constrict enemies.
You possess an exceptional clarity of mind.


Message History

You burn the seven-headed hydra.
The seven-headed hydra barely misses you.
The seven-headed hydra bites you but does no damage. x2
The seven-headed hydra bites you. x2
The seven-headed hydra bites you but does no damage. x2
You hit the seven-headed hydra. You burn the seven-headed hydra.
The seven-headed hydra bites you but does no damage.
The seven-headed hydra completely misses you.
The seven-headed hydra bites you but does no damage. x3
The seven-headed hydra barely misses you.
The seven-headed hydra bites you. x2
The seven-headed hydra closely misses you.
The seven-headed hydra bites you!
The seven-headed hydra bites you but does no damage.
The seven-headed hydra bites you!
* * * LOW HITPOINT WARNING * * *
The seven-headed hydra bites you but does no damage. x2
You completely miss the seven-headed hydra.
The seven-headed hydra barely misses you.
The seven-headed hydra bites you but does no damage.
The seven-headed hydra bites you.
* * * LOW HITPOINT WARNING * * *
The seven-headed hydra barely misses you.
The seven-headed hydra bites you but does no damage. x3
You barely miss the seven-headed hydra.
The seven-headed hydra bites you but does no damage. x3
The seven-headed hydra barely misses you.
The seven-headed hydra bites you!
* * * LOW HITPOINT WARNING * * *
The seven-headed hydra bites you.
* * * LOW HITPOINT WARNING * * *
The seven-headed hydra bites you.
* * * LOW HITPOINT WARNING * * *
The seven-headed hydra bites you but does no damage. x2
The seven-headed hydra bites you!
* * * LOW HITPOINT WARNING * * *
The seven-headed hydra barely misses you.
The seven-headed hydra bites you but does no damage.
The seven-headed hydra bites you!
You die...

..###.....~....+...........######
...##......#...#.....#...........
..#......##....#.....##.....###..
...##.~....#....#....##....## #P.
..##P.~.~..#....#....##....# ##.
..###.....#.....#..####....# ###.
..###..~~......##+#..##....###...
........~........D...............
................@................
.............[...................
.................................
)................................
...#####.###.......#..##.......<.
....###..##......##...#........+#
...........##..........#......#.#
...........##..>.#............#..
...#.............#...............


You could see a seven-headed hydra.

Vanquished Creatures
  Snorg (D:10)
  3 hydras
  A catoblepas (Lair:2)
  Erica (D:8)
  6 death yaks
  A lindwurm (Lair:2)
  A bog body (Lair:2)
  Pikel (D:8)
  A manticore (Lair:2)
  An elephant (D:11)
  2 black mambas
  A torpor snail (Lair:3)
  11 cane toads
  A kobold demonologist (D:9)
  2 rime drakes
  4 komodo dragons
  A troll (D:11)
  A hornet (D:8)
  3 polar bears
  16 blink frogs
  A jumping spider (Lair:3)
  7 spriggans (Lair:2)
  A shadow (D:5)
  16 yaks
  A wyvern (D:11)
  Grum (Lair:1)
  5 basilisks
  An acid dragon (D:11)
  7 water moccasins
  Duvessa (D:4)
  An ogre (D:6)
  4 black bears
  2 ice beasts
  7 wolves
  4 centaurs
  A lemure (D:8)
  A phantom (D:6)
  A gnoll sergeant (D:10)
  14 bullfrogs
  A scorpion (D:6)
  9 wights
  Dowan (D:4)
  15 killer bees
  An electric eel (Lair:1)
  4 howler monkeys
  3 hounds
  A gnoll bouda (D:10)
  3 jellies
  5 orc priests
  Ijyb (D:3)
  2 sleepcaps
  2 iguanas
  Terence (D:3)
  7 orc wizards
  Robin (D:3)
  10 gnolls
  3 adders
  2 shadow imps
  A white imp (D:6)
  2 ufetubi
  A worm (D:2)
  2 dart slugs
  25 orcs
  3 bats
  4 endoplasms
  7 giant cockroaches
  16 goblins
  9 hobgoblins
  4 jackals (D:2)
  3 quokkas (D:1)
  13 ball pythons
  5 frilled lizards
  5 kobolds
  6 rats
313 creatures vanquished.

Vanquished Creatures (others)
  A lurking horror (D:9)
1 creature vanquished.

Grand Total: 314 creatures vanquished

Notes
Turn   | Place    | Note
-------+----------+-------------------------------------------
     0 | D:1      | ragingrage the Naga Reaver began the quest for the Orb.
     0 | D:1      | Reached XP level 1. HP: 19/19 MP: 3/3
   134 | D:1      | Reached XP level 2. HP: 15/26 MP: 5/5
   592 | D:1      | Reached XP level 3. HP: 32/32 MP: 6/6
  1041 | D:2      | Reached skill level 4 in Axes
  1149 | D:2      | Reached skill level 1 in Stealth
  1369 | D:2      | Reached XP level 4. HP: 39/39 MP: 7/7
  1385 | D:2      | Found a faded altar of an unknown god.
  2387 | D:3      | Noticed Ijyb
  2408 | D:3      | Gained mutation: Your tail ends in a venomous barb. [potion
                  | of mutation]
  2408 | D:3      | Gained mutation: You possess an exceptional clarity of
                  | mind. [potion of mutation]
  2408 | D:3      | Lost mutation: Your tail ends in a venomous barb. [potion
                  | of mutation]
  2630 | D:3      | Noticed Terence
  2643 | D:3      | Killed Terence
  2644 | D:3      | Reached XP level 5. HP: 18/45 MP: 8/8
  2809 | D:3      | Killed Ijyb
  2810 | D:3      | Reached skill level 5 in Axes
  3105 | D:3      | Noticed Robin
  3118 | D:3      | Killed Robin
  3685 | D:4      | Reached XP level 6. HP: 50/52 MP: 9/9
  3794 | D:4      | You fall into a shaft and drop 1 floor!
  3794 | D:5      | Entered Level 5 of the Dungeon
  3826 | D:4      | Noticed Dowan
  3826 | D:4      | Noticed Duvessa
  3877 | D:5      | Reached skill level 6 in Axes
  3905 | D:5      | Noticed a black bear
  3932 | D:5      | Killed a black bear
  4093 | D:5      | Found a runed translucent door.
  4116 | D:5      | Reached skill level 7 in Axes
  4116 | D:5      | Reached XP level 7. HP: 47/60 MP: 10/10
  4145 | D:5      | Noticed Kazon's ghost (novice OpBr)
  4582 | D:5      | Noticed a shadow
  4607 | D:5      | Killed a shadow
  4608 | D:5      | Reached skill level 8 in Axes
  5070 | D:5      | Reached XP level 8. HP: 61/67 MP: 11/11
  5836 | D:4      | Reached skill level 9 in Axes
  5905 | D:4      | Found a stormy altar of Qazlal.
  5905 | D:4      | Found a glowing golden altar of the Shining One.
  5905 | D:4      | Found a burning altar of Makhleb.
  5905 | D:4      | Found an ancient bone altar of Kikubaaqudgha.
  5905 | D:4      | Found a hide-covered altar of Uskayaw.
  5907 | D:4      | Found a sparkling altar of Nemelex Xobeh.
  5907 | D:4      | Found a sacrificial altar of Ru.
  5908 | D:4      | Found a bloodstained altar of Trog.
  5994 | D:4      | Killed Duvessa
  6005 | D:4      | Killed Dowan
  6349 | D:4      | Found Jish's Book Shop.
  6730 | D:4      | Found a runed translucent door.
  6731 | D:4      | Noticed Crazy Yiuf
  6777 | D:4      | Became a worshipper of Uskayaw the Reveller
  6981 | D:6      | Reached * piety under Uskayaw
  6985 | D:6      | Reached ** piety under Uskayaw
  6987 | D:6      | Reached *** piety under Uskayaw
  7002 | D:6      | Reached skill level 10 in Axes
  7544 | D:6      | Reached skill level 11 in Axes
  7564 | D:6      | Reached XP level 9. HP: 51/73 MP: 12/12
  7644 | D:6      | Identified the +8 long sword "Naunkoh" {protect, rElec rC-
                  | rN++ Str+3}
  7793 | D:6      | Reached **** piety under Uskayaw
  8188 | D:6      | Found a staircase to the Ecumenical Temple.
  8625 | D:7      | Reached skill level 12 in Axes
  8848 | D:7      | Reached ***** piety under Uskayaw
  9020 | D:7      | Found a runed translucent door.
  9190 | D:7      | Found a shimmering altar of Xom.
  9190 | D:7      | Noticed browni3141's ghost (novice MiFi)
  9190 | D:7      | Noticed a +2 war axe of chaos
  9761 | D:8      | Noticed Erica
  9779 | D:8      | Killed Erica
  9780 | D:8      | Reached skill level 13 in Axes
 10068 | D:8      | Noticed a centaur warrior
 10071 | D:8      | Noticed a tengu warrior
 10071 | D:8      | Noticed a six-headed hydra
 10076 | D:8      | Noticed a two-headed ogre
 10561 | D:8      | Noticed a hornet
 10568 | D:8      | Killed a hornet
 10569 | D:8      | Reached XP level 10. HP: 80/80 MP: 13/13
 10713 | D:8      | Noticed Pikel
 10739 | D:8      | Killed Pikel
 10740 | D:8      | Reached skill level 14 in Axes
 10740 | D:8      | Reached skill level 1 in Armour
 10740 | D:8      | Reached skill level 1 in Invocations
 11005 | D:8      | Noticed a catoblepas
 11228 | D:9      | Found Jodad's Book Shoppe.
 11244 | D:9      | Identified the +0 leather armour of Midwinter {Slay+4}
 11269 | D:9      | Found a one-way gate to the infinite horrors of the Abyss.
 11281 | D:9      | Found a corrupted altar of Lugonu.
 11296 | D:9      | Noticed a kobold demonologist
 11300 | D:10     | Entered Level 10 of the Dungeon
 11408 | D:9      | Noticed a soul eater
 11411 | D:9      | Killed a kobold demonologist
 12531 | D:10     | Noticed Snorg
 12544 | D:10     | Killed Snorg
 12545 | D:10     | Reached skill level 5 in Fighting
 12545 | D:10     | Reached XP level 11. HP: 80/94 MP: 14/14
 13193 | D:11     | Reached skill level 5 in Invocations
 13467 | D:11     | Found Niuf's Distillery.
 13587 | D:11     | Bought a potion of invisibility for 104 gold pieces
 13587 | D:11     | Bought a potion of degeneration for 13 gold pieces
 13587 | D:11     | Bought 2 potions of might for 104 gold pieces
 13873 | D:11     | Reached skill level 5 in Stealth
 13986 | D:11     | Found a staircase to the Lair.
 14715 | Lair:1   | Entered Level 1 of the Lair of Beasts
 15098 | Lair:1   | Reached skill level 15 in Axes
 15098 | Lair:1   | Reached skill level 1 in Throwing
 15545 | Lair:1   | Noticed Grum
 15620 | Lair:1   | Killed Grum
 16438 | Lair:2   | Noticed a catoblepas
 16449 | Lair:2   | Found a hide-covered altar of Uskayaw.
 16466 | Lair:2   | Noticed a lindwurm
 16479 | Lair:2   | Killed a lindwurm
 16502 | Lair:2   | Reached XP level 12. HP: 109/109 MP: 15/15
 16561 | Lair:2   | Killed a catoblepas
 16633 | Lair:2   | Reached ****** piety under Uskayaw
 16990 | D:4      | Bought a book of Changes for 252 gold pieces
 16993 | D:4      | Learned a level 2 spell: Wereblood
 17396 | Lair:2   | Reached skill level 1 in Transmutations
 17652 | Lair:2   | Reached skill level 5 in Throwing
 18124 | Lair:3   | Identified the ring of Quluprarau {rF+ rN+ rCorr Str+6
                  | SInv}
 18336 | Lair:3   | Noticed a death yak
 18368 | Lair:2   | You fall into a shaft and drop 1 floor!
 18475 | Lair:4   | Noticed a six-headed hydra
 18491 | Lair:4   | Killed a one-headed hydra
 18573 | Lair:4   | Noticed a death yak
 18579 | Lair:4   | Noticed a death yak
 18592 | Lair:3   | Noticed Deed's ghost (journeyman MiFi)
 18599 | Lair:3   | Killed a death yak
 18600 | Lair:3   | Reached skill level 5 in Transmutations
 18649 | Lair:3   | Found a transporter.
 18664 | Lair:3   | Found a transporter.
 18768 | Lair:3   | Found a hole to the Spider Nest.
 19037 | Lair:2   | Reached skill level 16 in Axes
 19134 | Lair:2   | Identified a scroll of acquirement
 19135 | Lair:2   | Acquired a +0 barding of fire resistance
 19151 | Lair:2   | Found a staircase to the Swamp.
 19169 | Lair:2   | Noticed a skyshark
 19172 | Lair:2   | a skyshark changed into a manticore
 19343 | Lair:2   | Gained mutation: You can use your snake-like lower body to
                  | constrict enemies. [Naga growth]
 19343 | Lair:2   | Reached XP level 13. HP: 117/121 MP: 16/16
 20489 | Lair:3   | Reached skill level 5 in Armour
 20955 | Lair:5   | Entered Level 5 of the Lair of Beasts
 21225 | Lair:3   | Slain by a seven-headed hydra

Illustrated notes

Levels and vault maps discovered:
D:1:      dpeg_arrival_solitude, layout_basic, serial_aquarium,
          aquarium_bridge_square [aquarium_subvault_window,
          aquarium_subvault_bridge, aquarium_subvault_bridge,
          aquarium_subvault_window], aquarium_window_1, aquarium_window_3,
          aquarium_window_fake, aquarium_view_2e, aquarium_pool_side,
          interstate_on_off
D:2:      layout_loops_ring, ebering_ecumenical_altar_hall,
          minmay_tiny_reverse_x
D:3:      layout_loops_corners, uniq_ijyb, uniq_robin, uniq_terence
D:4:      layout_gridville, grunt_temple_overflow_open, serial_shops,
          nicolae_shop_trees, minmay_fractal_squares_gapless_5, uniq_duvessa,
          uniq_crazy_yiuf_cottage
D:5:      layout_basic, hellmonk_ghost_happy_afterlife
D:6:      layout_loops_ring, minmay_temple_entry_statues
D:7:      layout_loops_corners, ebering_ghost_xom
D:8:      minmay_s_stair_smasher, layout_loops_ring,
          pdpol_wu_jian_five_deadly_venoms, minmay_shattered_shrine, uniq_pikel,
          uniq_erica
D:9:      layout_basic, serial_shops, shop, amcnicky_altar_lugonu_corruption
D:10:     layout_rooms, uniq_snorg
D:11:     layout_basic, david_lair_generic, serial_shops, nicolae_square_shop
Lair:1:   layout_gridlike, minivault_24, infiniplex_staircase_pool, uniq_grum
Lair:2:   kb_forest_paths, layout_concentric_octagons,
          skrybe_swamp_entry_bodies, basic_altar, serial_bayou_shore_b
Lair:3:   layout_regular_city, spider_nest_entry_a, serial_rivers,
          chequers_serial_rivers_room_b, chequers_serial_rivers_micro_c,
          chequers_serial_rivers_micro_e, chequers_serial_rivers_micro_e,
          chequers_serial_rivers_micro_c, gammafunk_ghost_berserking_beasts,
          minivault_23
Lair:4:   layout_regular_city, grunt_megastairs_5
Lair:5:   evilmike_catoblepas_cave, layout_hall_layers,
          dpeg_slime_entry_enclosed, serial_bayou_shore_a, lemuel_fruit_fields

Skill      XL: |  1  2  3  4  5  6  7  8  9 10 11 12 13 |
---------------+----------------------------------------+-----
Axes           | 4 5 7 8 11 13 14 15 16 | 16.0
Stealth        | 1 3 4 7 |  7.0
Armour         | 1 3 7 |  7.1
Invocations    | 4 5 |  5.0
Fighting       | 5 7 9 |  9.0
Throwing       | 3 6 |  6.0
Transmutations | 5 |  5.0
Dodging        | |  1.5
Spellcasting   | |  2.0
Conjurations   | |  3.2
Necromancy     | |  0.9

Action                     |  1- 3 |  4- 6 |  7- 9 | 10-12 | 13-15 || total
---------------------------+-------+-------+-------+-------+-------++-------
  Melee: Hand axe          |   131 |   182 |   449 |   697 |   127 ||  1586
         Punch             |       |     1 |     4 |    10 |     1 ||    16
         Dagger            |       |    44 |       |       |       ||    44
         Scimitar          |       |       |       |     7 |    18 ||    25
         Constrict         |       |       |       |       |    21 ||    21
  Throw: Dart              |       |       |     6 |     5 |       ||    11
         Boomerang         |       |       |       |    20 |     4 ||    24
Ability: Spit Poison       |     5 |     8 |     5 |     4 |     1 ||    23
  Evoke: Wand              |       |       |     4 |     7 |       ||    11
         Piece from Xom's  |       |       |       |     1 |       ||     1
    Use: Potion            |       |     3 |     4 |     5 |       ||    12
         Scroll            |       |     4 |     9 |    13 |     3 ||    29
   Stab: Paralysed         |       |       |     5 |    51 |     9 ||    65
         Sleeping          |       |       |       |     5 |     1 ||     6
 Armour: Leather armour    |     2 |       |       |    22 |       ||    24
         Chain mail        |    89 |   149 |   246 |    34 |       ||   518
         Skin              |       |       |     1 |       |       ||     1
         Troll leather arm |       |       |       |   213 |   149 ||   362
  Dodge: Dodged            |    35 |    46 |   106 |   221 |    41 ||   449
